 Dungeon Crawl Stone Soup version 0.30.0-5-g1a98f26d00 (webtiles) character file.

Game seed: 10965773379342780002

82 greasedhog the Digger (level 4, -6/25 HPs)
             Began as a Gargoyle Earth Elementalist on May 13, 2023.
             Killed from afar by a kobold (20 damage)
             ... with a bolt of light
             ... on level 3 of the Dungeon.
             The game lasted 00:03:10 (1825 turns).

greasedhog the Digger (Gargoyle Earth Elementalist) Turns: 1825, Time: 00:03:11

Health: -6/25      AC:  5    Str: 12    XL:     4   Next: 43%
Magic:  7/8        EV: 11    Int: 20    God:
Gold:   136        SH:  0    Dex: 10    Spells: 2/8 levels left

rFire   + . .        j - +2 falchion (elec)
rCold   . . .        (no shield)
rNeg    + . .        a - +0 robe
rPois   ∞            (no helmet)
rElec   +            (no cloak)
rCorr   .            (no gloves)
SInv    .            (no boots)
Will    .....        (no amulet)
Stlth   ++           h - ring of Wow Weefitz {Drain rPois rF+ Int+3 Slay+2}
HPRegen 0.24/turn    (no ring)
MPRegen 0.11/turn

%: no passive effects
@: no status effects
A: sickness immunity, AC +3, negative energy resistance 1, electricity
resistance, torment resistance 1, petrification resistance
a: no special abilities


You were on level 3 of the Dungeon.
You visited 1 branch of the dungeon, and saw 3 of its levels.

You collected 136 gold pieces.

Inventory:

Hand Weapons
 j - a +2 falchion of electrocution (weapon)
Missiles
 g - 2 throwing nets
Armour
 a - a +0 robe (worn)
Jewellery
 h - the ring of Wow Weefitz (left hand) {Drain rPois rF+ Int+3 Slay+2}
   (You found it on level 2 of the Dungeon)

   [ring of protection from fire]

   Int:       It affects your intelligence (+3).
   Slay:      It affects your accuracy & damage with ranged weapons and melee
   (+2).
   rF:        It protects you from fire.
   rPois:     It protects you from poison.
   Drain:     It drains your maximum health when unequipped.
Scrolls
 d - a scroll of enchant weapon {unknown}
 f - a scroll of amnesia {unknown}
 k - 2 scrolls of enchant armour {unknown}
 l - a scroll of teleportation {unknown}
 m - a scroll of vulnerability {unknown}
 o - a scroll of immolation {unknown}
Potions
 b - a potion of magic
 c - 3 potions of curing {unknown}
 e - 3 potions of lignification {unknown}
 i - a potion of might {unknown}
 n - a potion of resistance {unknown}


   Skills:
 + Level 1.6 Fighting
 - Level 1.5 Dodging
 - Level 2.1 Stealth
 + Level 2.6 Spellcasting
 - Level 1.0 Transmutations
 * Level 5.1 Earth Magic


You had 2 spell levels left.
You knew the following spells:

 Your Spells              Type           Power      Damage    Failure   Level
a - Sandblast             Erth           46%        2d11      1%          1
b - Passwall              Tmut/Erth      11%        N/A       6%          2
c - Stone Arrow           Conj/Erth      24%        3d8       16%         3

Your spell library contained the following spells:

 Spells                   Type           Power      Damage    Failure   Level
 Petrify                  Tmut/Erth      14%        N/A       38%         4


Dungeon Overview and Level Annotations

Branches:
Dungeon (3/15)

Altars:
Qazlal


Innate Abilities, Weirdness & Mutations

You are immune to sickness and miasma.
Your stone body is resilient. (AC +3)
You are immune to poison.
You resist negative energy. (rN+)
You are resistant to electric shocks. (rElec)
You are resistant to unholy torment.
You are immune to petrification.


Message History

A goblin comes into view. It is wielding a +0 club.
Found a scroll labelled WAMARCHAGIMA.
The blast of sand hits the giant cockroach!
You kill the giant cockroach!
You can't see any susceptible monsters within range! (Use Z to cast anyway.)
You can't see any susceptible monsters within range! (Use Z to cast anyway.)
The blast of sand hits the goblin!
You kill the goblin!
You can't see any susceptible monsters within range! (Use Z to cast anyway.)
Found 4 large rocks.
k - 2 scrolls labelled WAMARCHAGIMA (gained 1)
Found a stone staircase leading down.
Found a stone staircase leading down.
No target in view!
You now have 136 gold pieces (gained 9).
A goblin comes into view. It is wielding a +3 dagger.
The goblin shouts!
A goblin is nearby!
A goblin is nearby!
Found a ring mail.
A worm comes into view.
The blast of sand hits the goblin.
The goblin is severely wounded.
A kobold comes into view.
It is wielding a +0 club and carrying a wand of light (13).
The blast of sand hits the goblin!
You kill the goblin!
The kobold shouts!
You can't see any susceptible monsters within range! (Use Z to cast anyway.)
Found 6 gold pieces.
The kobold zaps a wand.
The bolt of light hits you!
You are confused.
You see here a +3 dagger.
You're too confused to cast spells.
You're too confused to cast spells.
You see here a ruby potion.
You feel less confused. The kobold closely misses you.
You see here a +3 dagger.
The kobold zaps a wand.
The bolt of light hits you!!
Ouch! That really hurt!
You die...

....[....##
.......... ..$......#
.........#
........w..#
..###.###)!#
...#.#..K## #.#.###.#
.....#@# .
#.###.#.#.# ..
..........# ...
#.###.#.#.# ....
#.#.....#.####.....
#.#.#.#.###..........
#.#.. #.#............
#.#.###.###..........
#..).................


You could see a worm and a kobold.

Vanquished Creatures
  3 adders
  A worm (D:2)
  2 dart slugs
  3 ball pythons
  2 endoplasms (D:1)
  6 giant cockroaches
  9 goblins
  7 hobgoblins
  5 bats
  A frilled lizard (D:2)
  2 kobolds
  3 rats
44 creatures vanquished.

Notes
Turn   | Place    | Note
-------+----------+-------------------------------------------
     0 | D:1      | greasedhog the Gargoyle Earth Elementalist began the quest
                  | for the Orb.
     0 | D:1      | Reached XP level 1. HP: 10/10 MP: 3/3
   125 | D:1      | Reached skill level 1 in Transmutations
   131 | D:1      | Reached XP level 2. HP: 15/15 MP: 1/5
   174 | D:1      | Reached skill level 4 in Earth Magic
   602 | D:2      | Identified the ring of Wow Weefitz {Drain rPois rF+ Int+3
                  | Slay+2}
   827 | D:2      | Reached XP level 3. HP: 20/20 MP: 4/6
   852 | D:2      | Learned a level 2 spell: Passwall
   856 | D:2      | Learned a level 3 spell: Stone Arrow
  1018 | D:2      | Reached skill level 1 in Fighting
  1320 | D:2      | Found a stormy altar of Qazlal.
  1344 | D:2      | Reached XP level 4. HP: 25/25 MP: 5/7
  1678 | D:3      | Reached skill level 5 in Earth Magic
  1825 | D:3      | Killed from afar by a kobold

Illustrated notes

Levels and vault maps discovered:
D:1:      ncdulo_halloftheorcs, layout_rooms
D:2:      layout_basic, basic_altar, minmay_tetromino_s4
D:3:      layout_rooms, mainiacjoe_overflow_big_doors, ebering_ghost_sewer_d,
          minmay_misc_feat_roman, st_stairs_8

Skill      XL: |  1  2  3  4 |
---------------+-------------+-----
Transmutations | 1 |  1.0
Earth Magic    | 4 5 |  5.1
Fighting       | 1 |  1.6
Dodging        | |  1.5
Stealth        | |  2.1
Spellcasting   | |  2.6

Action                     |  1- 3 |  4- 6 || total
---------------------------+-------+-------++-------
  Melee: Unarmed           |     5 |       ||     5
         Falchion          |     2 |       ||     2
   Cast: Sandblast         |    41 |    16 ||    57
 Armour: Robe              |     5 |       ||     5
  Dodge: Dodged            |     7 |     2 ||     9
